 Dungeon Crawl Stone Soup version 0.31.0-9-g3a7656b989 (webtiles) character file.

Game seed: 8841319109351821815

193 qw the Skirmisher (level 5, -1/29 HPs)
             Began as a Deep Elf Hunter on Feb 2, 2024.
             Slain by a gnoll
             ... wielding a +0 whip
              (3 damage)
             ... on level 3 of the Dungeon.
             The game lasted 00:00:09 (2159 turns).

qw the Skirmisher (Deep Elf Hunter)                 Turns: 2159, Time: 00:00:09

Health: -1/29      AC:  7    Str: 10    XL:     5   Next: 43%
Magic:  7/7        EV: 11    Int: 14    God:
Gold:   259        SH:  0    Dex: 18    Spells: 4/4 levels left

rFire   + . .        a - +0 shortbow (heavy)
rCold   + . .        (shield currently unavailable)
rNeg    . . .        f - +2 ring mail
rPois   .            (no helmet)
rElec   .            k - scarf {rC+ rF+}
rCorr   .            (no gloves)
SInv    .            (no boots)
Will    .....        (no amulet)
Stlth   +            (no ring)
HPRegen 0.24/turn    (no ring)
MPRegen 0.10/turn

%: no passive effects
@: no status effects
A: no striking features
a: no special abilities


You were on level 3 of the Dungeon.
You visited 1 branch of the dungeon, and saw 3 of its levels.

You collected 259 gold pieces.


   Skills:
 + Level 1.5 Fighting
 - Level 9.0 Ranged Weapons
 - Level 2.4 Dodging
 - Level 1.2 Stealth


You had 4 spell levels left.
You didn't know any spells.
Your spell library was empty.

Inventory:

Hand Weapons
 a - a +0 heavy shortbow (weapon)
Armour
 f - a +2 ring mail (worn)
 k - a scarf of resistance (worn)
Jewellery
 d - a ring of protection from fire
 h - a ring of ice
Wands
 e - a wand of acid (13)
Scrolls
 b - 3 scrolls of identify
 c - a scroll of blinking {unknown}
 i - a scroll of immolation {unknown}
 l - 2 scrolls of fog {unknown}
Potions
 g - 2 potions of curing
 j - a potion of might {unknown}

Dungeon Overview and Level Annotations

Branches:
Dungeon (3/15)

Altars:


Message History

You shoot an arrow. The arrow hits the gnoll!
You kill the gnoll!
The quokka closely misses you. The gnoll misses you. The quokka bites you.
You shoot an arrow. The arrow hits the quokka!
You kill the quokka!
The gnoll barely misses you.
The gnoll hits you from afar with a +0 halberd.
The kobold misses you.
You shoot an arrow. The arrow barely misses the kobold.
The arrow closely misses the gnoll.
The kobold misses you. The gnoll misses you.
The gnoll hits you from afar with a +0 halberd!
The kobold hits you but does no damage.
You shoot an arrow. The arrow hits the kobold.
You kill the kobold!
The gnoll barely misses you.
You shoot an arrow. The arrow barely misses the endoplasm.
The arrow hits the gnoll.
The gnoll is lightly wounded.
The endoplasm hits you but does no damage.
The gnoll closely misses you. The endoplasm closely misses you.
You shoot an arrow.
The arrow hits the endoplasm but does no damage.
The gnoll barely misses you. The endoplasm freezes you.
You are frozen.
You resist.
You shoot an arrow. The arrow hits the endoplasm!
You kill the endoplasm!
The gnoll closely misses you. The gnoll hits you with a +0 whip!
The gnoll closely misses you.
Your Ranged Weapons skill increases to level 9!
You shoot an arrow. The arrow completely misses the gnoll.
The gnoll hits you with a +0 whip. The gnoll hits you but does no damage.
You shoot an arrow. The arrow hits the gnoll!
The gnoll is severely wounded.
The gnoll hits you but does no damage. The gnoll barely misses you.
The gnoll misses you. The gnoll closely misses you.
You shoot an arrow. The arrow barely misses the gnoll.
The gnoll hits you with a +0 whip.
You die...

.........# ##### #.#.#
.........#.............
#.#.### .........#
........... #.#....
.##......# .........
#.#.... .###...###
....... ###.#.#..
.###...# )....
#...#.#.. .......# ..g
#.###....
...#...#########g#
#.#......
...##..........)@#
#.#.####)
...##..###########
###.#.#..<. .#.###.# #
#...#.#.### ...# #.#
####.##.###.#.# #
..####.#
.........##.#.# #
.#.....#
####.##.....#.# #
....#### .. #.###.#.# #
##..# ## #.# ###.# #
##..# #.# #.###


You could see 2 gnolls.

Vanquished Creatures
  An orc priest (D:3)
  Ijyb (D:3)
  2 gnolls (D:3)
  5 adders
  A ribbon worm (D:2)
  4 orcs
  6 ball pythons
  5 endoplasms
  3 giant cockroaches (D:1)
  10 goblins
  4 hobgoblins (D:2)
  A quokka (D:3)
  8 bats
  3 frilled lizards
  8 kobolds
  5 rats
67 creatures vanquished.

Notes
Turn   | Place    | Note
-------+----------+-------------------------------------------
     0 | D:1      | qw the Deep Elf Hunter began the quest for the Orb.
     0 | D:1      | Reached XP level 1. HP: 12/12 MP: 3/3
     0 | D:1      | 0 ||| qw: Version: 0.3-a-155-g5e7d8dd
     0 | D:1      | 0 ||| qw: Game counter: 2639
     0 | D:1      | 0 ||| qw: Melee chars always use a shield: true
     0 | D:1      | 0 ||| qw: God list: Okawaru
     0 | D:1      | 0 ||| qw: Allow faded altars: false
     0 | D:1      | 0 ||| qw: Do Orc after clearing Dungeon:15 true
     0 | D:1      | 0 ||| qw: Do second Lair branch before Depths: true
     0 | D:1      | 0 ||| qw: Lair rune preference: random
     0 | D:1      | 0 ||| qw: Goals: Normal
     0 | D:1      | 0 ||| PLANNING D:1-11
   181 | D:1      | Reached skill level 6 in Ranged Weapons
   181 | D:1      | Reached XP level 2. HP: 16/16 MP: 4/4
   631 | D:1      | 631 ||| UPGRADING to +0 ring mail.
   641 | D:1      | 641 ||| DROPPING +0 leather armour.
   642 | D:1      | 642 ||| UPGRADING to scarf of resistance.
   647 | D:1      | 647 ||| READING scroll labelled ASCHOH SURER.
   647 | D:1      | 647 ||| BRANDING +0 shortbow.
   648 | D:1      | 648 ||| READING scroll labelled JAITIKHLIEHUTS.
   649 | D:1      | 649 ||| READING scroll labelled VYS KILUGEL.
   649 | D:1      | 649 ||| ENCHANTING +0 ring mail.
   650 | D:1      | 650 ||| READING scroll labelled DEZ DEKKUGA.
   650 | D:1      | 650 ||| IDENTIFYING golden potion
   651 | D:1      | 651 ||| READING scroll labelled XOYKUGGEIT.
   656 | D:1      | 656 ||| DROPPING scroll of butterflies.
   683 | D:2      | 683 ||| STAIRDANCE
   833 | D:2      | Reached XP level 3. HP: 15/20 MP: 5/5
   837 | D:2      | HP: 3/20 [ribbon worm (6)]
   920 | D:2      | 920 ||| READING scroll of enchant armour.
   920 | D:2      | 920 ||| ENCHANTING +1 ring mail.
  1037 | D:2      | Reached skill level 7 in Ranged Weapons
  1320 | D:2      | 1320 ||| DRINKING 2 white potions.
  1342 | D:3      | 1342 ||| STAIRDANCE
  1346 | D:3      | 1346 ||| STAIRDANCE
  1358 | D:3      | 1358 ||| STAIRDANCE
  1367 | D:3      | HP: 1/20 [orc priest/divine providence (12)]
  1368 | D:3      | 1368 ||| DRINKING potion of heal wounds.
  1371 | D:3      | Reached XP level 4. HP: 25/25 MP: 6/6
  1578 | D:3      | Reached skill level 8 in Ranged Weapons
  1631 | D:3      | 1631 ||| READING scroll of identify.
  1631 | D:3      | 1631 ||| IDENTIFYING scroll labelled ONEOBLY FINO
  1632 | D:3      | 1632 ||| DROPPING scroll of silence.
  1780 | D:3      | Noticed Ijyb
  1786 | D:3      | HP: 5/24 [Ijyb/+0 dagger (6)]
  1787 | D:3      | 1787 ||| READING scroll of teleportation.
  1788 | D:3      | 1788 ||| DRINKING potion of heal wounds.
  1790 | D:3      | Killed Ijyb
  1791 | D:3      | Reached XP level 5. HP: 26/28 MP: 7/7
  2156 | D:3      | HP: 3/29 [gnoll/+0 whip (7)]
  2157 | D:3      | Reached skill level 9 in Ranged Weapons
  2157 | D:3      | HP: 1/29 [gnoll/+0 whip (2)]
  2159 | D:3      | Slain by a gnoll

Levels and vault maps discovered:
D:1:      dpeg_arrival_connections, layout_loops_ring
D:2:      layout_basic
D:3:      kennysheep_the_goblin_king, layout_basic, zin_angel,
          minmay_joined_circles

Skill      XL: |  1  2  3  4  5 |
---------------+----------------+-----
Ranged Weapons | 6 7 8 9 |  9.0
Fighting       | |  1.5
Dodging        | |  2.4
Stealth        | |  1.2

Action                     |  1- 3 |  4- 6 || total
---------------------------+-------+-------++-------
   Fire: Shortbow          |    81 |    73 ||   154
    Use: Scroll            |     6 |     2 ||     8
         Potion            |     2 |     1 ||     3
 Armour: Leather armour    |     1 |       ||     1
         Ring mail         |    19 |    51 ||    70
  Dodge: Dodged            |    30 |    54 ||    84

Table legend:
 A = Non-vault XP
 B = Vault XP
 C = Vault XP percentage of total XP
 D = Non-vault monster count
 E = Vault monster count
 F = Vault count percentage of total count
                 A         B        C        D         E       F
            +---------+---------+-------+---------+---------+-------
      Total |     185 |      91 |  33.0 |      49 |      18 |  26.9
            +---------+---------+-------+---------+---------+-------
        D:1 |      28 |       0 |   0.0 |      17 |       0 |   0.0
        D:2 |      61 |       0 |   0.0 |      20 |       0 |   0.0
        D:3 |      96 |      91 |  48.7 |      12 |      18 |  60.0
            +---------+---------+-------+---------+---------+-------
